 Dungeon Crawl Stone Soup version 0.30-a0-4-ga7cffc901d (webtiles) character file.

Game seed: 11275188900048273144

40 Sabo the Sneak (level 3, 25/25 HPs)
             Began as a Vampire Enchanter on Aug 20, 2022.
             Was a Follower of Trog.
             Safely got out of the dungeon.
             The game lasted 00:09:49 (1545 turns).

Sabo the Sneak (Vampire Enchanter)                  Turns: 1545, Time: 00:09:50

Health: 25/25      AC:  4    Str:  7    XL:     3   Next: 30%
Magic:  6/6        EV: 12    Int: 19    God:    Trog [*.....]
Gold:   54         SH:  0    Dex: 14    Spells: 4/6 levels left

rFire   . . .      SeeInvis +    a - +1 dagger
rCold   . . .      Faith    .    (no shield)
rNeg    . . .      Spirit   .    b - +0 robe
rPois   .          Reflect  .    (no helmet)
rElec   .          Harm     .    (no cloak)
rCorr   .          Rampage  .    (no gloves)
Will    .....                    h - +1 pair of boots
Stlth   +++.......               (no amulet)
HPRegen 0.28/turn                (no ring)
MPRegen 0.10/turn                (no ring)

@: healing quickly
A: alive, fangs 3, see invisible, vampiric 2
a: Exsanguinate, Renounce Religion, Berserk


You escaped.
You worshipped Trog.
Trog was aware of your devotion.
You visited 1 branch of the dungeon, and saw 2 of its levels.

You collected 54 gold pieces.

Inventory:

Hand Weapons
 a - a +1 dagger (weapon)
Missiles
 g - 4 javelins (quivered)
Armour
 b - a +0 robe (worn)
 h - a +1 pair of boots (worn)
Magical Staves
 i - a staff of cold
Scrolls
 e - a scroll of teleportation {unknown}
 f - a scroll of immolation {unknown}
 j - a scroll of noise {unknown}
 k - a scroll of identify {unknown}
 l - a scroll of amnesia {unknown}
Potions
 c - 2 potions of invisibility
 d - a potion of lignification {unknown}


   Skills:
 + Level 0.4 Fighting
 + Level 1.5 Short Blades
 + Level 0.6 Throwing
 + Level 2.5 Dodging
 + Level 5.1 Stealth
 - Level 2.1 Spellcasting
 - Level 4.9 Hexes


You had 4 spell levels left.
You knew the following spells:

 Your Spells              Type           Power      Damage    Failure   Level
a - Ensorcelled Hibernat  Hex/Ice        22%        N/A       9%          2

Your spell library contained the following spells:

 Spells                   Type           Power      Damage    Failure   Level
 Confusing Touch          Hex            20%        N/A       6%          3
 Tukima's Dance           Hex            20%        N/A       6%          3
 Dazzling Flash           Conj/Hex       22%        N/A       19%         3


Dungeon Overview and Level Annotations

Branches:
Dungeon (2/15)

Altars:
Trog


Innate Abilities, Weirdness & Mutations

Your natural rate of healing is accelerated.
You have razor-sharp teeth.
You have supernaturally acute eyesight. (SInv)
You are afflicted with vampirism and can become a bat while bloodless.


Message History

The endoplasm is lightly wounded.
You hit the endoplasm.
The endoplasm is almost dead.
The endoplasm freezes you.
You are frozen.
You hit the endoplasm.
You kill the endoplasm!
Trog accepts your kill.
l - a scroll labelled APIFAPHIAPN The kobold shouts!
You open the door. You hit the kobold. Your bite misses the kobold.
The kobold is severely wounded.
The kobold hits you but does no damage.
You hit the kobold but do no damage. Your bite misses the kobold.
The kobold is severely wounded.
The kobold misses you.
You hit the kobold.
You kill the kobold!
Trog accepts your kill.
You see here a +0 short sword.
You see here a +0 short sword.
There is an open door here.
Found a stone staircase leading up.
There is a stone staircase leading up here.
The bat closely misses you.
You climb upwards.
There is a stone staircase leading down here.
Things that are here:
4 stones; a +0 whip
There is an open door here.
You see here 7 stones.
You see here 7 stones.
There is an open door here.
You see here a +0 dagger.
There is an open door here.
There is an open door here.
There is a staircase leading out of the dungeon here.
Are you sure you want to leave the Dungeon?
This will make you lose the game!
You have escaped!

.....##.##.......................
.##..##.##..#########............
........#..##.......##...........
..........##.#######.##..........
.........##.##....)##.##.........
.........#.##.#####.##.#.........
.........#.#.##.#.##.#.#........#
.........#.#.#.###.#.#.#.........
.........'.#.#.'@#.'.#.'.(.......
###..###.#(#.#.###.###.#.........
#....# #.#.#.##...##.#.#.........
#....###.#.##.#####.##.#.........
.........##.##.....'#.##........#
#.........##.#######.##........##
#..........##..#....##..#####.##
#....###....#########..######.###
#....# #................#........


There were no monsters in sight!

Vanquished Creatures
  2 dart slugs
  5 ball pythons
  2 endoplasms
  4 giant cockroaches
  3 goblins
  2 hobgoblins (D:1)
  A quokka (D:1)
  5 bats (D:1)
  A frilled lizard (D:1)
  6 kobolds
  2 rats (D:1)
33 creatures vanquished.

Notes
Turn   | Place    | Note
-------+----------+-------------------------------------------
     0 | D:1      | Sabo the Vampire Enchanter began the quest for the Orb.
     0 | D:1      | Reached XP level 1. HP: 13/13 MP: 3/3
   309 | D:1      | Reached XP level 2. HP: 14/19 MP: 5/5
   430 | D:1      | Learned a level 2 spell: Ensorcelled Hibernation
   774 | D:1      | Reached skill level 5 in Stealth
   933 | D:1      | Gained mutation: You are afflicted with vampirism and can
                  | become a bat while bloodless. [Vampire growth]
   933 | D:1      | Reached XP level 3. HP: 24/24 MP: 6/6
  1038 | D:2      | Found a faded altar of an unknown god.
  1054 | D:2      | Prayed at the altar of an unknown god.
  1054 | D:2      | Became a worshipper of Trog the Wrathful
  1054 | D:2      | Reached * piety under Trog
  1545 | D:$      | Safely got out of the dungeon.

Illustrated notes

Levels and vault maps discovered:
D:1:      evilmike_arrival_rings, layout_rooms, eino_curves_01
D:2:      layout_basic, basic_ecumenical_altar, feat_on_display

Skill      XL: |  1  2 |
---------------+-------+-----
Stealth        | 5 |  5.1
Fighting       | |  0.4
Short Blades   | |  1.5
Throwing       | |  0.6
Dodging        | |  2.5
Spellcasting   | |  2.1
Hexes          | |  4.9

Action                   || total
-------------------------++-------
Melee: Dagger            ||   108
       Bite              ||    11
Throw: Javelin           ||    19
 Stab: Sleeping          ||     2
Armor: Robe              ||    31
Dodge: Dodged            ||    64

Table legend: (Time is in decaauts)
 A = Elapsed time spent in this place.
 B = Non-inter-level travel time spent in this place.
 C = Inter-level travel time spent in this place.
 D = Time resting spent in this place.
 E = Time spent auto-exploring this place.
 F = Levels seen in this place.
 G = Mean time per level.
                   A        B        C        D        E       F      G
               +--------+--------+--------+--------+--------+-----+--------+
         Total |   1548 |   1548 |      0 |    272 |      0 |   2 |  774.0 |
       Dungeon |   1548 |   1548 |      0 |    272 |      0 |   2 |  774.0 |
               +--------+--------+--------+--------+--------+-----+--------+

Top non-repeatable levels by time:
     D:1: 1172 daAuts
     D:2: 375 daAuts
